cohdb
Replays
Latest Replays
All Replays
Popular Replays
Top Player Replays
Match Explorer
How It Works
Community
CoH3 Stats
Reddit
Sign in to upload your games and track your stats! →
Sign in with Steam
Match 38107581
Unlisted
Match 38107581
Overview
Messages
Build Orders
End
Construct Barracks
Selects Armored Battlegroup
Selects Veteran Crews
Riflemen Squad
Riflemen Squad
Engineer Squad
Construct Weapon Support Center
Air Support Center
Mortar Pit
1⁄4-ton 4x4 Truck
M1919 Machine Gun Team
M1918 Browning Automatic Rifles
Selects Fast Deploy
M3 Armored Personnel Carrier
Grasshopper Recon Run
Construct Motor Pool
P-47 Strafing Run
M8 Greyhound Armored Car
P-47 Dive Bomb
Selects Field Repairs
Grasshopper Recon Run
P-47 Strafing Run
M24 Chaffee Light Tank
M1 Anti-tank Gun Team
Selects Seek and Destroy
Selects War Machine
Grasshopper Recon Run
Riflemen Squad
M1 Anti-tank Gun Team
P-47 Dive Bomb
P-47 Strafing Run
Construct Tank Depot
Mortar Pit
Grasshopper Recon Run
Selects Seek and Destroy
Selects UNKNOWN (2160077)
M4A3E8 Sherman Easy Eight
P-47 Strafing Run
Grasshopper Recon Run
P-47 Dive Bomb
Grenade Package
P-47 Dive Bomb
P-47 Strafing Run
Grasshopper Recon Run
M4A3E8 Sherman Easy Eight
A_Smoove
Reaper410
dsmokey
罪与罚world
Welpppp
Nealxia
没名字
怎么老是输
0
0
Comments
sign in to comment!
No comments posted yet!